 Dungeon Crawl Stone Soup version 0.17-a0-1564-g7b572aa (webtiles) character file.

38770 urechis the Grappler (level 13, -3/141 HPs)
             Began as a Troll Monk on July 21, 2015.
             Killed from afar by a fire crab (6 damage)
             ... with a blast of flame
             ... on level 7 of the Lair of Beasts.
             The game lasted 00:37:15 (16293 turns).

urechis the Grappler (Troll Monk)                  Turns: 16293, Time: 00:37:15

Health: -3/141     AC:  5    Str: 26    XL:     13   Next: 65%
Magic:  12/12      EV: 22    Int:  6    God:
Gold:   1131       SH:  0    Dex: 17    Spells: 0 memorised, 12 levels left

rFire  . . .     SeeInvis .       - Unarmed
rCold  . . .     Clarity  .     s - +0 animal skin
rNeg   . . .     SustAt   .     (no shield)
rPois  .         Gourm    +     (helmet restricted)
rElec  .         Spirit   .     (no cloak)
rCorr  .         Warding  .     (gloves unavailable)
rMut   .         Stasis   .     (boots unavailable)
MR     .....                    (no amulet)
Stlth  +++.......               R - +3 ring of slaying
                                u - +4 ring of slaying

@: agile, not resistant to hostile enchantments, fairly stealthy
A: unfitting armour, claws 3, fast metabolism 3, gourmand, regeneration 2,
shaggy fur 1, tough skin 2
a: no special abilities


You were on level 7 of the Lair of Beasts.
You were full.

You visited 3 branches of the dungeon, and saw 18 of its levels.

You collected 1131 gold pieces.

Inventory:

Hand weapons
 a - a +3 blowgun
Missiles
 g - a throwing net
 o - 4 tomahawks (quivered)
 O - 29 poisoned needles
 S - 4 large rocks
Armour
 s - a +0 animal skin (worn)
Jewellery
 u - a +4 ring of slaying (left claw)
 R - a +3 ring of slaying (right claw)
Magical devices
 P - a wand of teleportation (6)
Scrolls
 c - 2 scrolls of enchant armour {unknown}
 d - 10 scrolls of remove curse
 h - 7 scrolls of noise
 i - 3 scrolls of immolation
 k - 4 scrolls of amnesia
 n - 4 scrolls of fear
 p - 4 scrolls of recharging
 y - 10 scrolls of teleportation
 G - 3 scrolls of blinking
 L - a scroll of vulnerability {unknown}
 M - 2 scrolls of holy word
 U - a scroll of brand weapon {unknown}
 Z - a scroll of summoning {unknown}
Potions
 e - a potion of haste
 j - 10 potions of might
 l - 3 potions of poison {unknown}
 m - 3 potions of resistance {unknown}
 q - 4 potions of curing {unknown}
 r - 2 potions of lignification {unknown}
 x - 3 potions of agility
 z - 3 potions of ambrosia {unknown}
 A - 2 potions of cancellation {unknown}
 B - 2 potions of brilliance {unknown}
 D - a potion of mutation {unknown}
 E - 2 potions of magic {unknown}
 H - a potion of invisibility {unknown}
 N - 2 potions of flight {unknown}
 T - 2 potions of berserk rage {unknown}
 X - 2 potions of degeneration {unknown}
Books
 t - a book of Maledictions

   Spells                             Type                      Level
   a - Corona                         Hexes                        1
   b - Ensorcelled Hibernation        Hexes/Ice                    2
   c - Confuse                        Hexes                        3
   d - Tukima's Dance                 Hexes                        3
   e - Dazzling Spray                 Conjuration/Hexes            3
 w - the Tome of the Special Tales
   (You found it on level 4 of the Dungeon)

   Spells                             Type                      Level
   a - Swiftness                      Charms/Air                   2
   b - Summon Lightning Spire         Summoning/Air                4
   c - Deflect Missiles               Charms/Air                   6
 I - a book of Enchantments

   Spells                             Type                      Level
   a - Cause Fear                     Hexes                        4
   b - Silence                        Hexes/Air                    5
   c - Deflect Missiles               Charms/Air                   6
   d - Haste                          Charms                       6
   e - Discord                        Hexes                        8
 K - a book of the Warp

   Spells                             Type                      Level
   a - Recall                         Summoning/Translocation      3
   b - Gell's Gravitas                Hexes/Translocation          3
   c - Force Lance                    Conjuration/Translocation    4
   d - Phase Shift                    Translocation                5
   e - Warp Weapon                    Charms/Translocation         5
   f - Summon Forest                  Summoning/Translocation      5
Comestibles
 b - 10 bread rations
 f - 3 meat rations
 C - 37 fruits
 F - a beef jerky
 J - a slice of pizza
 Q - 4 royal jellies


   Skills:
 + Level 12.8 Fighting
 + Level 10.3 Dodging
 - Level 1.1 Stealth
 + Level 14.2 Unarmed Combat


You had 12 spell levels left.
You didn't know any spells.

Dungeon Overview and Level Annotations

Branches:
Dungeon (10/15)            Temple (1/1) D:7            Lair (7/8) D:10
 Shoals (0/4) Lair:4       Spider (0/4) Lair:6          Orc (0/4) D:9
  Slime: Lair:6-8

Altars:
Ashenzari
Cheibriados
Dithmenos
Elyvilon
Fedhas
Gozag
Kikubaaqudgha
Makhleb
Nemelex Xobeh
Okawaru
Qazlal
Ru
Sif Muna
Trog
Vehumet
Xom
Yredelemnul
Zin
The Shining One
Lugonu

Shops:
D:6 (   D:9 [

Annotations:
Lair:5 exclusion: hydra


Innate Abilities, Weirdness & Mutations

You are too large for most types of armour.
You have claws for hands.
Your metabolism is lightning-fast.
You like to eat raw meat.
You heal very quickly.
You are covered in fur (AC +1).
You have very tough skin (AC +2).


Message History

The blast of flame misses you.
You see here a death yak corpse.
Unknown command.
You are engulfed in roaring flames.
* * * LOW HITPOINT WARNING * * *
The fire crab breathes flames at you. The blast of flame engulfs you!
Read which item? (? for menu, Esc to quit)
Okay, then.
Drink which item? (? for menu, Esc to quit)
It was a potion of agility.
You feel agile all of a sudden.
You are engulfed in roaring flames.
* * * LOW HITPOINT WARNING * * *
The fire crab breathes flames at you. The blast of flame engulfs you!
* * * LOW HITPOINT WARNING * * *
The fire crab breathes flames at you. The blast of flame engulfs you!
You die...

.......#.†#........##.##
#.P..#Y.#...P...##.⌠..
#......#..#...##.....
##.t...#...#.###⌠.<..
##..§..##...#..##.....
...##...§#.##.......#..⌠..
........§###........†#.###
.######.§#................
#..@................
#.......†....†††....
#..............†=.....
#.#.........÷.<.......
#.....................
###...................
#....[...............
#.....##..##...PP.... ..#
#.. #.##...###


You could see a fire crab.

Vanquished Creatures
  Maud (Lair:6)
  11 death yaks
  The ghost of confidenceinterval the Spear-Bearer, an experienced DsGl of Qazlal (D:10)
  2 hill giants
  A lindwurm (Lair:6)
  Pikel (D:3)
  The ghost of patman the Basher, an experienced GrBe of Trog (D:9)
  2 sirens (Lair:4)
  A griffon (Lair:4)
  9 elephants
  11 spiny frogs
  The ghost of Tux the Thaumaturge, an experienced VSTm (D:5)
  5 black mambas
  3 komodo dragons
  4 fire drakes
  A troll (D:9)
  4 polar bears
  2 merfolk (Lair:4)
  8 blink frogs
  A trapdoor spider (D:10)
  A deep elf mage (D:10)
  30 yaks
  4 wyverns
  A hungry ghost (D:10)
  11 wolves (Lair:4)
  6 hippogriffs
  Edmund (D:4)
  5 porcupines
  Duvessa (D:4)
  An orc warrior (D:9)
  10 water moccasins
  3 sky beasts
  4 slaves
  An ice beast (D:10)
  A black bear (D:7)
  12 crocodiles
  2 necrophages
  6 ogres
  2 centaurs
  12 giant frogs
  A big kobold (D:9)
  Dowan (D:4)
  2 scorpions
  A troll skeleton (D:10)
  4 wights (D:8)
  5 hounds
  2 crimson imps
  An electric eel (D:10)
  4 centaur skeletons
  4 jellies
  A giant frog skeleton (D:9)
  8 iguanas
  3 orc priests
  3 orc wizards
  4 worker ants
  2 worker ant zombies
  7 gnolls
  25 river rats
  12 adders
  3 white imps (D:10)
  3 shadow imps
  4 oozes
  2 ufetubi (D:10)
  An adder skeleton (D:6)
  2 worms (D:2)
  5 giant geckos
  19 orcs
  11 bats
  12 goblins
  13 hobgoblins
  4 jackals
  22 kobolds
  3 quokkas
  2 ball pythons
  6 giant cockroaches
  2 giant newts
  A quokka zombie (D:9)
  16 rats
  2 bushes (D:2)
  A plant (D:10)
408 creatures vanquished.

Vanquished Creatures (others)
  A white imp (D:10)
  12 fungi
  9 plants
22 creatures vanquished.

Grand Total: 430 creatures vanquished

Notes
Turn   | Place    | Note
--------------------------------------------------------------
     0 | D:1      | urechis the Troll Monk began the quest for the Orb.
     0 | D:1      | Reached XP level 1. HP: 22/22 MP: 0/0
    60 | D:1      | Reached XP level 2. HP: 29/29 MP: 1/1
   338 | D:1      | Reached XP level 3. HP: 34/36 MP: 2/2
   881 | D:2      | Found a sacrificial altar of Ru.
   888 | D:2      | Reached skill level 5 in Unarmed Combat
  1163 | D:2      | Reached XP level 4. HP: 44/44 MP: 3/3
  1242 | D:2      | Found an iron altar of Okawaru.
  2264 | D:3      | Reached XP level 5. HP: 35/53 MP: 4/4
  2332 | D:3      | Reached skill level 6 in Unarmed Combat
  2938 | D:4      | Noticed Pikel
  2938 | D:4      | Noticed a slave
  2938 | D:4      | Noticed a slave
  2940 | D:4      | Noticed a slave
  2941 | D:4      | Noticed a slave
  2957 | D:3      | Killed a slave
  2967 | D:3      | Killed Pikel
  2967 | D:3      | Reached skill level 7 in Unarmed Combat
  2967 | D:3      | Reached XP level 6. HP: 13/63 MP: 5/5
  2967 | D:3      | Reached XP level 7. HP: 14/71 MP: 6/6
  3000 | D:4      | Killed a freed slave
  3006 | D:4      | Killed a freed slave
  3009 | D:4      | Killed a freed slave
  3132 | D:4      | Noticed Edmund
  3132 | D:4      | Noticed an ogre
  3150 | D:4      | Killed an ogre
  3150 | D:4      | Reached skill level 8 in Unarmed Combat
  3155 | D:4      | Killed Edmund
  3187 | D:4      | Identified the Tome of the Special Tales
  3837 | D:4      | Noticed Duvessa
  3847 | D:4      | Killed Duvessa
  3847 | D:4      | Reached XP level 8. HP: 79/79 MP: 7/7
  3848 | D:4      | Noticed Dowan
  3867 | D:4      | Killed Dowan
  3867 | D:4      | Reached skill level 5 in Fighting
  3867 | D:4      | Reached skill level 9 in Unarmed Combat
  3954 | D:4      | Found a shadowy altar of Dithmenos.
  3954 | D:4      | Found a shattered altar of Ashenzari.
  3972 | D:5      | Entered Level 5 of the Dungeon
  4042 | D:5      | Found a white marble altar of Elyvilon.
  4294 | D:5      | Noticed Tux's ghost (experienced VSTm)
  4304 | D:5      | Killed Tux's ghost
  4304 | D:5      | Reached skill level 10 in Unarmed Combat
  5135 | D:6      | Found a shimmering altar of Xom.
  5135 | D:6      | Found a sparkling altar of Nemelex Xobeh.
  5150 | D:6      | Found Wupnunwu's Antique Weapon Shop.
  5215 | D:6      | Found a blossoming altar of Fedhas.
  5432 | D:6      | Found a burning altar of Makhleb.
  5438 | D:6      | Found a glowing silver altar of Zin.
  5438 | D:6      | Noticed an angel
  5439 | D:6      | Noticed an Executioner
  5575 | D:6      | Reached XP level 9. HP: 89/89 MP: 8/8
  6006 | D:7      | Reached skill level 11 in Unarmed Combat
  6008 | D:7      | Found a staircase to the Ecumenical Temple.
  6040 | Temple   | Entered the Ecumenical Temple
  6755 | D:8      | Found a glowing golden altar of the Shining One.
  6974 | D:8      | Reached skill level 12 in Unarmed Combat
  7030 | D:8      | Noticed a hill giant
  7038 | D:8      | Killed a hill giant
  7038 | D:8      | Reached XP level 10. HP: 82/102 MP: 9/9
  7510 | D:9      | Found Lytiu's Armour Boutique.
  7537 | D:9      | Found a staircase to the Orcish Mines.
  7692 | D:9      | Reached skill level 13 in Unarmed Combat
  7830 | D:9      | Noticed patman's ghost (experienced GrBe)
  8109 | D:9      | Killed patman's ghost
  8185 | D:10     | Entered Level 10 of the Dungeon
  8226 | D:10     | Found a runed door.
  8551 | D:10     | Noticed confidenceinterval's ghost (experienced DsGl)
  8592 | D:10     | Killed confidenceinterval's ghost
  8592 | D:10     | Reached skill level 14 in Unarmed Combat
  8592 | D:10     | Reached XP level 11. HP: 81/113 MP: 10/10
  8977 | D:10     | Noticed a hill giant
  8986 | D:10     | Killed a hill giant
  9272 | D:10     | Found a staircase to the Lair.
  9306 | Lair:1   | Entered Level 1 of the Lair of Beasts
  9457 | Lair:1   | Found a radiant altar of Vehumet.
  9875 | Lair:2   | Reached skill level 5 in Dodging
 11085 | Lair:3   | Noticed a five-headed hydra
 11246 | Lair:3   | Reached skill level 10 in Fighting
 12035 | Lair:4   | Reached XP level 12. HP: 86/127 MP: 11/11
 12422 | Lair:4   | Noticed a death yak
 12423 | Lair:4   | Noticed a death yak
 12423 | Lair:4   | Noticed a death yak
 12423 | Lair:4   | Noticed a death yak
 12423 | Lair:4   | Noticed a death yak
 13152 | Lair:4   | Found a staircase to the Shoals.
 13508 | Lair:4   | Noticed a death yak
 13515 | Lair:4   | Killed a death yak
 13518 | Lair:4   | Killed a death yak
 13523 | Lair:4   | Killed a death yak
 13530 | Lair:4   | Killed a death yak
 13535 | Lair:4   | Killed a death yak
 13538 | Lair:4   | HP: 2/132 [death yak (23)]
 13540 | Lair:4   | Killed a death yak
 13706 | Lair:4   | Reached XP level 13. HP: 116/139 MP: 12/12
 14681 | Lair:6   | Found a hole to the Spider Nest.
 15472 | Lair:6   | Noticed Maud
 15485 | Lair:6   | Killed Maud
 15914 | Lair:6   | Reached skill level 10 in Dodging
 16291 | Lair:7   | HP: 2/141 [fire crab] (13)]
 16293 | Lair:7   | Killed from afar by a fire crab

Vault maps used:
D:1:      eino_arrival_water_star, serial_glass, glass_columns_a,
          glass_columns_b
D:2:      okawaru_trees_1, lemuel_round_altar, serial_forest,
          infiniplex_forest_straight_4, infiniplex_forest_lined_3_way,
          infiniplex_forest_lined_3, infiniplex_forest_clump_small,
          infiniplex_forest_lined_room_, infiniplex_forest_split,
          infiniplex_forest_pool, infiniplex_forest_lined_3,
          infiniplex_forest_lined_corner
D:3:      first_bread, cheibrodos_gnoll_hut
D:4:      gammafunk_temple_overflow_elements, uniq_pikel, uniq_duvessa,
          uniq_edmund
D:5:      elyvilon_altar_5
D:6:      grunt_temple_overflow_order_and_chaos_2,
          nicolae_overflow_crystal_walls, gammafunk_temple_overflow_wave,
          serial_shops, nicolae_shop_stone
D:7:      minmay_temple_entry_trees
D:8:      tso_metal_star
D:9:      orc_david_3
D:10:     david_lair_shrubbed, serial_ice, serial_ice_d, serial_ice_e,
          serial_ice_j, serial_ice_a, hangedman_tell_no_tales
Temple:   corrupted_temple
Lair:1:   basic_altar, portal_ice_cave_entry_pillars_03, serial_bayou_shore_a
Lair:3:   st_stairs_4, lemuel_fruit_tree
Lair:4:   elwin_shoals_entry_stream, bh_autumn_forest_stairs,
          serial_bayou_shore_b
Lair:5:   grunt_forest_stairs_basic, grunt_forest_small_clearings,
          grunt_megastairs_2
Lair:6:   spider_nest_entry_web_field, infiniplex_staircase_pool, uniq_maud
Lair:7:   beast_lair_carwin_8, grunt_megastairs_3

Action                   |  1- 3 |  4- 6 |  7- 9 | 10-12 | 13-15 || total
-------------------------+-------+-------+-------+-------+-------++-------
Melee: Unarmed           |    83 |   174 |   300 |   450 |   174 ||  1181
 Fire: Blowgun           |       |       |       |     3 |       ||     3
Throw: Tomahawk          |       |       |       |       |     4 ||     4
  Use: Scroll            |       |       |       |    15 |     2 ||    17
       Potion            |       |       |       |     2 |     2 ||     4
 Stab: Sleeping          |     1 |     2 |     3 |     3 |     2 ||    11
       Distracted        |       |       |     1 |       |       ||     1
  Eat: Chunk             |    11 |    19 |    32 |    61 |    28 ||   151
